 Dungeon Crawl Stone Soup version 0.15.2 (webtiles) character file.

222 magipi the Chopper (level 6, -3/41 HPs)
             Began as a Halfling Berserker on Sept 20, 2015.
             Was a Priest of Trog.
             Slain by a worker ant (4 damage)
             ... on Level 4 of the Dungeon.
             The game lasted 00:16:23 (1937 turns).

magipi the Chopper (Halfling Berserker)             Turns: 1937, Time: 00:16:23

HP  -3/41        AC  9     Str 18      XL: 6   Next: 19%
MP   6/6         EV  8     Int  6      God: Trog [***...]
Gold 132         SH  0     Dex 15      Spells:  0 memorised,  5 levels left

rFire  . . .     SeeInvis .     a - +0 hand axe
rCold  . . .     Clarity  .     i - +0 chain mail
rNeg   . . .     rCorr    .     (no shield)
rPois  .         rRot     .     (no helmet)
rElec  .         Spirit   .     (no cloak)
SustAb .         Warding  .     o - +0 pair of gloves
rMut   .         Stasis   .     (no boots)
Gourm  .                        (no amulet)
MR     .....                    (no ring)
                                n - ring of regeneration

@: exhausted, not resistant to hostile enchantments, extremely unstealthy
A: mutation resistance 1
a: Burn Spellbooks, Berserk, Trog's Hand, Renounce Religion


You were on level 4 of the Dungeon.
You worshipped Trog.
Trog was most pleased with you.
You were not hungry.

You visited 1 branch of the dungeon, and saw 4 of its levels.

You collected 132 gold pieces.

Inventory:

Hand weapons
 a - a +0 hand axe (weapon)
Armour
 i - a +0 chain mail (worn)
 o - a +0 pair of gloves (worn)
Magical devices
 m - a wand of fireball (4)
Comestibles
 c - 2 bread rations
Scrolls
 b - 3 scrolls of noise {unknown}
 d - a scroll of remove curse
 g - a scroll of fog
 l - a scroll of immolation {unknown}
 p - a scroll of identify
Jewellery
 n - a ring of regeneration (left hand)
Potions
 e - a potion of invisibility
 h - a potion of magic {unknown}
 j - a potion of degeneration {unknown}
 k - a potion of cure mutation {unknown}


   Skills:
 - Level 2.9 Fighting
 + Level 5.6 Axes
 - Level 2.2 Armour
 - Level 2.5 Dodging


You had 5 spell levels left.
You didn't know any spells.

Dungeon Overview and Level Annotations

Branches:
Dungeon (4/15)
 Temple: D:4-7

Altars:
Zin


Innate Abilities, Weirdness & Mutations

You are small and have problems with some larger weapons.
You are somewhat resistant to further mutation.

Vault maps used:
D:1:      eino_arrival_water_star
D:2:      lemuel_coloured_pillars_altar
D:3:      kennysheep_nondescript, st_stairs_1, uniq_iyjb, uniq_sigmund
D:4:      grunt_temple_overflow_growth_and_decay


Message History

You kill the gnoll!
Trog accepts your kill.
Things that are here:
a spear; a whip You feel a strong urge to attack something.
You feel your anger subside.
You are no longer berserk.
You are exhausted.
You feel yourself slow down.
You are near starving!
Eat which item? (? for menu, Esc to quit)
You continue eating. x3
The worker ant twitches its antennae in your direction.
The orc priest shouts!
You finish eating.
That bread ration really hit the spot!
A gnoll comes into view. It is wielding a halberd.
The worker ant barely misses you. x2
The gnoll shouts!
The orc priest becomes somewhat translucent.
The worker ant bites you but does no damage.
The worker ant bites you but does no damage.
The worker ant bites you but does no damage.
The worker ant barely misses you.
You open the door.
The worker ant bites you but does no damage.
The gnoll closely misses you.
The worker ant waves its antennae.
The worker ant misses you. The gnoll hits you but does no damage.
There is an open door here.
You hit the orc priest.
The orc priest is lightly wounded.
The worker ant barely misses you.
The orc priest hits you but does no damage.
The worker ant bites you but does no damage.
The orc priest hits you but does no damage.
The gnoll barely misses you.
You hit the orc priest but do no damage.
The orc priest is lightly wounded.
The worker ant bites you. The orc priest barely misses you.
The gnoll barely misses you. The worker ant barely misses you.
You hit the orc priest.
The orc priest is moderately wounded.
The worker ant barely misses you.
The orc priest hits you but does no damage.
The gnoll hits you but does no damage. The worker ant bites you.
You are poisoned.
The worker ant poisons you!
You hit the orc priest but do no damage.
The orc priest is moderately wounded.
You feel sick.
The orc priest invokes the aid of Beogh against you.
Something smites you!
The gnoll hits you from afar with a halberd!
The worker ant barely misses you.
The orc priest mumbles some strange prayers to Beogh against you.
You barely resist.
Drink which item? (? for menu, Esc to quit)
You feel better.
It was a potion of curing.
The worker ant bites you but does no damage.
The gnoll barely misses you.
The orc priest invokes the aid of Beogh against you.
Pain shoots through your body!
The worker ant bites you but does no damage.
The gnoll misses you.
Drink which item? (? for menu, Esc to quit)
You feel much better.
The worker ant bites you but does no damage.
The orc priest utters an invocation to Beogh.
You feel troubled. The orc priest barely misses you.
The gnoll hits you from afar with a halberd.
The worker ant bites you but does no damage.
You hit the orc priest but do no damage.
The orc priest is moderately wounded.
The worker ant waves its antennae.
The worker ant bites you. The gnoll hits you but does no damage.
The orc priest mumbles some strange prayers to Beogh against you.
Something smites you! The worker ant bites you.
You are poisoned.
The worker ant poisons you!
You barely miss the orc priest.
The orc priest is moderately wounded.
You feel yourself speed up.
You feel sick.
The orc priest calls down the wrath of Beogh upon you.
Something smites you!
* * * LOW HITPOINT WARNING * * *
The gnoll hits you but does no damage.
The worker ant bites you but does no damage.
The orc priest looks braver.
The worker ant bites you but does no damage.
Drink which item? (? for menu, Esc to quit)
You feel better. The gnoll barely misses you. The worker ant bites you.
The orc priest hits you with a club.
The orc priest calls down the wrath of Beogh upon you.
Something smites you!
* * * LOW HITPOINT WARNING * * *
You hit the orc priest.
The orc priest is heavily wounded.
The worker ant bites you.
You die...

.................#
.................#
#.....###'#######
#.....+....#
#.....#....#
+.....#....#
#..g..###'###
###a###......##
+..@o.'.......#
#.....#.#####.#
#.....#.# .#
####+###)# .
.........# #
.........#
.........
..........
...........


You could see a worker ant, an orc priest and a gnoll.

Table legend:
 A = Kills in this place as a percentage of kills in entire the game.
 B = Kills by you in this place as a percentage of kills by you in the entire game.
 C = Kills by friends in this place as a percentage of kills by friends in the entire game.
 D = Other kills in this place as a percentage of other kills in the entire game.
 E = Experience gained in this place as a percentage of experience gained in the entire game.
 F = Experience gained in this place divided by the number of levels of this place that you have seen.
                   A       B       C       D       E      F
               +-------+-------+-------+-------+-------+----------------------
         Total | 100.0 | 100.0 |  -nan |  -nan | 100.0 |  79.5
       Dungeon | 100.0 | 100.0 |  -nan |  -nan | 100.0 |  79.5
               +-------+-------+-------+-------+-------+----------------------

Vanquished Creatures
  Sigmund (D:3)
  A worker ant (D:4)
  Ijyb (D:3)
  2 gnolls (D:4)
  3 adders
  A worm (D:4)
  A giant gecko (D:1)
  An ooze (D:4)
  4 orcs
  A ball python (D:2)
  7 bats
  3 giant cockroaches
  6 goblins
  6 hobgoblins
  3 jackals (D:3)
  2 quokkas
  4 giant newts
  6 rats
53 creatures vanquished.

Notes
Turn   | Place    | Note
--------------------------------------------------------------
     0 | D:1      | magipi, the Halfling Berserker, began the quest for the Orb.
     0 | D:1      | Reached XP level 1. HP: 15/15 MP: 1/1
    85 | D:1      | Reached XP level 2. HP: 6/20 MP: 2/2
   329 | D:2      | Reached skill level 3 in Axes
   375 | D:2      | Acquired Trog's second power
   535 | D:2      | Found a glowing silver altar of Zin.
   539 | D:2      | Reached XP level 3. HP: 16/25 MP: 3/3
  1157 | D:2      | Reached XP level 4. HP: 30/30 MP: 4/4
  1359 | D:3      | Noticed Sigmund
  1411 | D:3      | Killed Sigmund
  1411 | D:3      | Reached skill level 4 in Axes
  1411 | D:3      | Reached XP level 5. HP: 20/36 MP: 5/5
  1453 | D:4      | Reached skill level 5 in Axes
  1740 | D:3      | Noticed Ijyb
  1749 | D:3      | Killed Ijyb
  1749 | D:3      | Reached XP level 6. HP: 41/41 MP: 6/6
  1936 | D:4      | HP: 1/41 [orc priest/divine providence (14)]
  1937 | D:4      | Slain by a worker ant

Action                   |  1- 3 |  4- 6 || total
-------------------------+-------+-------++-------
Melee: Hand axe          |   133 |   148 ||   281
Invok: Berserk           |     4 |     5 ||     9
Evoke: Wand              |       |     1 ||     1
  Use: Scroll            |     4 |       ||     4
       Potion            |     1 |     5 ||     6
 Stab: Sleeping          |     1 |       ||     1
  Eat: Chunk             |     4 |     3 ||     7
       Bread ration      |       |     2 ||     2

Action                   |  1- 3 |  4- 6 || total
-------------------------+-------+-------++-------
Melee: Hand axe          |   133 |   148 ||   281
Invok: Berserk           |     4 |     5 ||     9
Evoke: Wand              |       |     1 ||     1
  Use: Scroll            |     4 |       ||     4
       Potion            |     1 |     5 ||     6
 Stab: Sleeping          |     1 |       ||     1
  Eat: Chunk             |     4 |     3 ||     7
       Bread ration      |       |     2 ||     2

Action                   |  1- 3 |  4- 6 || total
-------------------------+-------+-------++-------
Melee: Hand axe          |   133 |   148 ||   281
Invok: Berserk           |     4 |     5 ||     9
Evoke: Wand              |       |     1 ||     1
  Use: Scroll            |     4 |       ||     4
       Potion            |     1 |     5 ||     6
 Stab: Sleeping          |     1 |       ||     1
  Eat: Chunk             |     4 |     3 ||     7
       Bread ration      |       |     2 ||     2
